 Dungeon Crawl Stone Soup version 0.23.1-37-gaa34b87b72 (webtiles) character file.

Game seed: 17421840966841539002

77721 Rediskos the Bludgeoner (level 15, -20/100 HPs)
             Began as a Gargoyle Fighter on Feb 9, 2019.
             Was a Priest of the Shining One.
             Shot with a bolt by Vashnia (35 damage)
             ... on level 2 of the Snake Pit on Mar 22, 2019.
             The game lasted 01:31:27 (26637 turns).

Rediskos the Bludgeoner (Gargoyle Fighter)         Turns: 26637, Time: 01:31:28

Health: -20/100    AC: 30    Str: 25    XL:     15   Next: 57%
Magic:  27/27      EV:  7    Int: 12    God:    the Shining One [***...]
Gold:   2606       SH: 28    Dex: 10    Spells: 14/14 levels left

rFire    + . .     SeeInvis +   a - +1 flail
rCold    . . .     Gourm    .   t - +0 large shield
rNeg     + + .     Faith    .   S - +1 plate armour of Bedevilment {rF+}
rPois    ∞         Spirit   .   (no helmet)
rElec    +         Reflect  .   J - +0 cloak
rCorr    .         Harm     .   q - +1 pair of gloves
MR       +....                  (no boots)
Stlth    ..........             g - amulet of the Hart {+Rage rElec MP+9 Int+3}
HPRegen  0.26/turn              P - ring of see invisible
MPRegen  0.20/turn              (no ring)

@: divine shield, flying, glowing
A: big wings, negative energy resistance 1, electricity resistance, unbreathing,
petrification resistance, rot immunity, AC +11
a: Stop Flying, Divine Shield, Renounce Religion, Evoke Berserk Rage


You were on level 2 of the Snake Pit.
You worshipped the Shining One.
The Shining One was most pleased with you.
You were hungry.

You visited 5 branches of the dungeon, and saw 22 of its levels.

You collected 3598 gold pieces.
You spent 992 gold pieces at shops.

Inventory:

Hand Weapons
 a - a +1 flail (weapon)
Missiles
 w - 5 silver javelins (quivered)
Armour
 q - a +1 pair of gloves (worn)
 t - a +0 large shield (worn)
 J - a +0 cloak (worn)
 S - the +1 plate armour of Bedevilment (worn) {rF+}
   (You found it on level 4 of the Lair of Beasts)

   It protects you from fire.
Magical Staves
 d - an uncursed staff of poison
 K - an uncursed staff of fire
 O - an uncursed staff of cold
Jewellery
 g - the amulet of the Hart (around neck) {+Rage rElec MP+9 Int+3}
   (You bought it in a shop on level 2 of the Orcish Mines)

   [amulet of rage]

   It affects your intelligence (+3).
   It insulates you from electricity.
   It affects your magic capacity (+9).
   It lets you go berserk.
 N - an uncursed amulet of regeneration
 P - a ring of see invisible (left hand)
Wands
 p - a wand of disintegration (14)
 s - a wand of digging (5)
 y - a wand of paralysis (17)
 D - a wand of polymorph (4)
Scrolls
 e - 15 scrolls of remove curse
 i - 6 scrolls of teleportation
 j - 3 scrolls of fog
 k - 3 scrolls of identify
 n - 5 scrolls of silence
 x - 2 scrolls of fear
 z - 2 scrolls of magic mapping
 C - 2 scrolls of blinking
 G - 4 scrolls of enchant weapon
 L - 5 scrolls of amnesia
 M - 2 scrolls of vulnerability
 Q - a scroll of enchant armour
 T - 2 scrolls of immolation
Potions
 b - 2 potions of magic
 h - 8 potions of curing
 l - 6 potions of flight
 m - 4 potions of haste
 o - 2 potions of ambrosia {unknown}
 r - 5 potions of mutation
 u - 4 potions of berserk rage
 v - 3 potions of agility
 A - 3 potions of cancellation
 E - 3 potions of lignification
 F - a potion of brilliance {unknown}
 U - 3 potions of heal wounds
Miscellaneous
 I - a box of beasts
Comestibles
 f - 37 rations


   Skills:
 + Level 13.6 Fighting
 - Level 16.0 Maces & Flails
 - Level 10.0 Armour
 - Level 5.0 Dodging
 * Level 14.3 Shields
 - Level 5.0 Invocations
 + Level 3.6 Evocations


You had 14 spell levels left.
You didn't know any spells.
Your spell library contained the following spells:

 Spells                   Type           Power        Failure   Level  Hunger
 Animate Skeleton         Necr           N/A          100%        1    ##.....
 Apportation              Tloc           #.....       100%        1    ##.....
 Confusing Touch          Hex            #.....       100%        1    ##.....
 Corona                   Hex            #......      100%        1    ##.....
 Summon Butterflies       Summ           #.......     100%        1    ##.....
 Summon Small Mammal      Summ           #...         100%        1    ##.....
 Ensorcelled Hibernation  Hex/Ice        #.....       100%        2    ###....
 Passwall                 Tmut/Erth      #.......     100%        2    ###....
 Swiftness                Chrm/Air       #.......     100%        2    ###....
 Call Canine Familiar     Summ           #.......     100%        3    ####...
 Confuse                  Hex            #.......     100%        3    ####...
 Dazzling Spray           Conj/Hex       #.....       100%        3    ####...
 Gell's Gravitas          Tloc           #.........   100%        3    ####...
 Tukima's Dance           Hex            #.......     100%        3    ####...
 Passage of Golubria      Tloc           N/A          100%        4    #####..
 Petrify                  Tmut/Erth      #.......     100%        4    #####..
 Summon Ice Beast         Ice/Summ       #.......     100%        4    #####..
 Bolt of Magma            Conj/Fire/Erth #.........   100%        5    ######.
 Iskenderun's Battlesphe  Conj/Chrm      #.......     100%        5    ######.
 Lee's Rapid Deconstruct  Erth           #.........   100%        5    ######.
 Metabolic Englaciation   Hex/Ice        #.........   100%        5    ######.
 Summon Mana Viper        Hex/Summ       #.......     100%        5    ######.
 Venom Bolt               Conj/Pois      #.........   100%        5    ######.
 Yara's Violent Unravell  Hex/Tmut       #.........   100%        5    ######.
 Darkness                 Hex            #.........   100%        6    #######
 Invisibility             Hex            #.......     100%        6    #######
 Iron Shot                Conj/Erth      #.........   100%        6    #######
 Orb of Destruction       Conj           #.........   100%        7    #######
 Spellforged Servitor     Conj/Summ      #.........   100%        7    #######
 Summon Hydra             Summ           #.........   100%        7    #######


Dungeon Overview and Level Annotations

Branches:
Dungeon (11/15)            Temple (1/1) D:5            Lair (6/6) D:8
  Swamp (0/4) Lair:2        Snake (2/4) Lair:3        Slime (0/5) Lair:6
    Orc (2/2) D:11            Elf (0/3) Orc:2

Altars:
Ashenzari
Cheibriados
Dithmenos
Elyvilon
Fedhas
Gozag
Hepliaklqana
Kikubaaqudgha
Makhleb
Nemelex Xobeh
Okawaru
Qazlal
Ru
Sif Muna
Trog
Uskayaw
Vehumet
Wu Jian
Xom
Yredelemnul
Zin
The Shining One
Beogh

Shops:
D:5 (   D:9 :   Orc:2 %[?=

Annotations:
D:7 exclusion: oklob plant
Snake:2 Vashnia


Innate Abilities, Weirdness & Mutations

You are resistant to torment.
Your stone body is resilient. (AC +11)
You are immune to poison.
Your large and strong wings let you fly indefinitely.
You resist negative energy. (rN+)
You are resistant to electric shocks. (rElec)
You can survive without breathing.
You are immune to petrification.
You are immune to rotting.


Message History

You block the splash of poison.
Your plate armour of Bedevilment prevents you from hitting the naga sharpshooter.
The naga sharpshooter is moderately wounded.
Vashnia shoots a bolt.
You block the bolt.
The naga sharpshooter hits you but does no damage.
The naga sharpshooter constricts you.
You hit the naga sharpshooter.
The naga sharpshooter is moderately wounded.
You block the naga sharpshooter's attack.
Vashnia shoots a bolt.
The bolt hits you!!!
* * * LOW HITPOINT WARNING * * *
You block the naga sharpshooter's attack.
The naga sharpshooter constricts you.
You are too injured to fight recklessly!
You are too injured to fight recklessly!
You escape the naga sharpshooter's grasp.
You see here a bolt.
Vashnia casts a spell.
Vashnia magically shoots a bolt.
The bolt hits you!!
You die...

..NN((((...............(..N(...#.
N.N##((....##.........((......##.
##############.......(...######..
#..........## #.. #.....(....#
#.. #..........# #.. #...N(N....#
#.. ##...(.....## ##.
###...@[}....# #. ##.......N...^#
## #####)............# #
#.................###### ##
#......................# #.
#....###########.......# ##.
#...## ####...## #.. ##...# #...#
#.. #....# #...# #..


You could see Vashnia and 2 naga sharpshooters.

Vanquished Creatures
  An orc warlord (Orc:1)
  Nessos (Lair:5)
  2 dire elephants (Lair:6)
  Azrael (Orc:2)
  Josephine (Lair:5)
  Fannar (D:10)
  Harold (Lair:2)
  Erolcha (D:10)
  4 naga warriors (Snake:2)
  5 hydras
  6 anacondas
  Erica (D:11)
  3 two-headed ogres
  4 death yaks
  A shock serpent (Snake:1)
  Urug (Lair:2)
  4 naga sharpshooters (Snake:2)
  Sonja (Orc:1)
  A salamander mystic (Snake:2)
  2 naga ritualists (Snake:1)
  Pikel (D:4)
  6 mana vipers
  An ugly thing (D:10)
  6 orc knights
  An orc sorcerer (Orc:1)
  4 salamanders (Snake:2)
  A manticore (D:11)
  Maurice (D:7)
  Joseph (D:7)
  5 naga magi
  2 guardian serpents
  4 elephants (Lair:6)
  A centaur zombie (D:11)
  13 black mambas
  11 spiny frogs
  7 komodo dragons
  3 rime drakes
  A polar bear (Lair:5)
  2 bog bodies
  3 trolls (Orc:1)
  3 blink frogs (Lair:4)
  5 hippogriffs
  4 dream sheep (Lair:6)
  3 fire elementals
  3 wraiths
  2 wyverns
  26 yaks
  2 hungry ghosts
  3 wargs (Orc:1)
  10 nagas
  4 hell hounds
  10 porcupines
  9 water moccasins
  32 orc warriors
  3 phantoms
  3 sky beasts
  2 ice beasts
  2 eyes of draining
  35 wolves
  2 black bears (D:8)
  A necrophage (D:8)
  11 ogres
  14 centaurs
  15 crocodiles
  A big kobold (D:10)
  17 bullfrogs
  A wyvern skeleton (D:7)
  3 scorpions
  4 killer bees (D:9)
  3 howler monkeys
  3 crimson imps
  3 bullfrog zombies (D:9)
  23 jellies
  9 orc priests
  7 hounds
  18 orc wizards
  A bullfrog skeleton (D:4)
  A centaur skeleton (D:4)
  7 worker ants
  2 iguanas (D:4)
  A hound zombie (D:7)
  A hound skeleton (D:11)
  A worker ant zombie (D:5)
  A howler monkey zombie (D:8)
  16 gnolls
  8 adders
  9 river rats (D:6)
  2 shadow imps (D:8)
  13 oozes
  An adder skeleton (D:4)
  2 adder zombies
  2 dart slugs
  5 leopard geckos
  76 orcs
  5 giant cockroaches
  8 goblins
  4 hobgoblins
  5 jackals
  10 quokkas
  A ball python (D:1)
  3 bats
  7 frilled lizards
  A jackal skeleton (D:7)
  A jackal zombie (D:7)
  6 kobolds
  A leopard gecko zombie (D:7)
  22 rats
  7 plants (Lair:6)
642 creatures vanquished.

Vanquished Creatures (others)
  A killer bee zombie (D:8)
  A bush (Lair:5)
  18 fungi
  14 plants (Lair:6)
34 creatures vanquished.

Grand Total: 676 creatures vanquished

Notes
Turn   | Place    | Note
-------+----------+-------------------------------------------
     0 | D:1      | Rediskos the Gargoyle Fighter began the quest for the Orb.
     0 | D:1      | Reached XP level 1. HP: 14/14 MP: 1/1
    66 | D:1      | Reached XP level 2. HP: 14/19 MP: 2/2
   406 | D:1      | Reached XP level 3. HP: 23/23 MP: 3/3
   916 | D:2      | Found a white marble altar of Elyvilon.
  1264 | D:2      | Reached skill level 3 in Maces & Flails
  1396 | D:2      | Became a worshipper of Elyvilon the Healer
  1494 | D:3      | Reached XP level 4. HP: 28/29 MP: 4/4
  1904 | D:3      | Reached skill level 1 in Invocations
  1904 | D:3      | Reached XP level 5. HP: 10/33 MP: 5/5
  2287 | D:3      | Found a hide-covered altar of Uskayaw.
  2369 | D:3      | HP: 1/33 [orc wizard/magic dart (4)]
  2749 | D:3      | Reached skill level 4 in Maces & Flails
  2749 | D:3      | Reached XP level 6. HP: 38/38 MP: 7/7
  2908 | D:4      | Reached * piety under Elyvilon
  3381 | D:4      | Reached XP level 7. HP: 35/44 MP: 8/8
  3711 | D:4      | Noticed Pikel
  3761 | D:4      | Killed Pikel
  3761 | D:4      | Reached skill level 5 in Fighting
  3761 | D:4      | Reached skill level 5 in Maces & Flails
  3761 | D:4      | Reached skill level 5 in Armour
  3761 | D:4      | Reached skill level 5 in Shields
  3761 | D:4      | Reached XP level 8. HP: 39/49 MP: 8/10
  3853 | D:5      | Entered Level 5 of the Dungeon
  4161 | D:5      | Reached skill level 6 in Maces & Flails
  4269 | D:5      | Found a staircase to the Ecumenical Temple.
  4299 | Temple   | Entered the Ecumenical Temple
  4410 | Temple   | Fell from the grace of Elyvilon
  4410 | Temple   | Became a worshipper of the Shining One
  4440 | D:5      | Found Jucie's Weapon Emporium.
  4608 | D:5      | Reached * piety under the Shining One
  4802 | D:6      | Found a sparkling altar of Nemelex Xobeh.
  4803 | D:6      | Found a glowing silver altar of Zin.
  4895 | D:6      | Reached skill level 7 in Maces & Flails
  4895 | D:6      | Reached XP level 9. HP: 41/55 MP: 12/12
  5284 | D:6      | Found an iron altar of Okawaru.
  5288 | D:6      | Found a burning altar of Makhleb.
  5564 | D:7      | Noticed Joseph
  5566 | D:7      | Reached ** piety under the Shining One
  5575 | D:7      | Reached skill level 5 in Invocations
  5580 | D:7      | Paralysed by Joseph for 7 turns
  5607 | D:7      | Killed Joseph
  5607 | D:7      | Reached skill level 8 in Maces & Flails
  5820 | D:7      | Found a deep blue altar of Sif Muna.
  5902 | D:7      | Reached XP level 10. HP: 57/63 MP: 13/13
  5950 | D:7      | Noticed an oklob plant
  6384 | D:8      | Noticed Maurice
  6435 | D:7      | Killed Maurice
  6435 | D:7      | Reached skill level 9 in Maces & Flails
  6553 | D:8      | Found a burning altar of Makhleb.
  6898 | D:8      | Reached *** piety under the Shining One
  7025 | D:8      | You fall through a shaft for 3 floors!
  7072 | D:10     | Entered Level 10 of the Dungeon
  7304 | D:10     | Noticed Erolcha
  7323 | D:10     | Killed Erolcha
  7323 | D:10     | Reached skill level 10 in Maces & Flails
  7323 | D:10     | Reached XP level 11. HP: 49/69 MP: 11/14
  7354 | D:9      | Found Talufecei's Book Emporium.
  7401 | D:9      | Found a blossoming altar of Fedhas.
  7402 | D:9      | Found an ancient bone altar of Kikubaaqudgha.
  7585 | D:9      | Noticed a two-headed ogre
  7603 | D:9      | Killed a two-headed ogre
  7657 | D:8      | Found a staircase to the Lair.
  8526 | D:9      | Found a runed translucent door.
  8690 | D:9      | Noticed an orc knight
  8692 | D:9      | Reached skill level 11 in Maces & Flails
  8729 | D:9      | Killed an orc knight
  8767 | D:9      | Found a roughly hewn altar of Beogh.
  8854 | D:10     | Noticed Fannar
  9252 | D:10     | Killed Fannar
  9531 | D:11     | Noticed Erica
  9543 | D:11     | Killed Erica
  9559 | D:11     | Noticed a purple ugly thing
  9559 | D:11     | Noticed a manticore
  9644 | D:10     | Killed a purple ugly thing
  9660 | D:11     | Killed a manticore
  9704 | D:11     | Reached XP level 12. HP: 72/76 MP: 15/15
  9751 | D:11     | Found a staircase to the Orcish Mines.
 10232 | D:11     | Reached **** piety under the Shining One
 10381 | Lair:1   | Entered Level 1 of the Lair of Beasts
 10398 | Lair:1   | Reached skill level 12 in Maces & Flails
 11015 | Lair:2   | Noticed Harold
 11056 | Lair:2   | Killed Harold
 11056 | Lair:2   | Reached skill level 10 in Armour
 11056 | Lair:2   | Reached skill level 10 in Shields
 11073 | Lair:2   | Reached skill level 10 in Fighting
 11672 | Lair:2   | Found a staircase to the Swamp.
 11767 | Lair:2   | Noticed Urug
 11827 | Lair:2   | Killed Urug
 11848 | Lair:2   | Noticed a seven-headed hydra
 11882 | Lair:2   | Killed a seven-headed hydra
 12318 | Lair:3   | Found a staircase to the Snake Pit.
 12673 | Lair:3   | Reached skill level 13 in Maces & Flails
 12776 | Lair:3   | Noticed a seven-headed hydra
 12979 | Lair:3   | Killed a seven-headed hydra
 13144 | Lair:3   | Reached XP level 13. HP: 71/84 MP: 16/16
 14025 | Lair:4   | Got a slimy plate armour
 14026 | Lair:4   | Identified the cursed +1 plate armour of Bedevilment {rF+}
                  | (You found it on level 4 of the Lair of Beasts)
 14563 | Lair:5   | Reached skill level 14 in Maces & Flails
 14758 | Lair:5   | Reached skill level 1 in Dodging
 15483 | Lair:6   | Entered Level 6 of the Lair of Beasts
 16061 | Lair:6   | Found a staircase to the Slime Pits.
 16066 | Lair:6   | Noticed Josephine
 16177 | Lair:6   | Noticed Nessos
 16475 | Lair:5   | Killed Nessos
 16578 | Lair:6   | Found an iron altar of Okawaru.
 16622 | Lair:5   | Killed Josephine
 16759 | Lair:6   | Gained mutation: Your large and strong wings let you fly
                  | indefinitely. [Gargoyle growth]
 16759 | Lair:6   | Reached XP level 14. HP: 89/92 MP: 17/17
 17652 | Lair:6   | Reached skill level 15 in Maces & Flails
 17762 | Lair:6   | Noticed a dire elephant
 17762 | Lair:6   | Noticed a dire elephant
 17831 | Lair:5   | Upgraded the game from 0.23.0 to 0.23.1-37-gaa34b87b72
 17922 | Lair:6   | Noticed a dire elephant
 17955 | Lair:6   | Killed a dire elephant
 18107 | Lair:6   | Noticed a dire elephant
 18131 | Lair:6   | Killed a dire elephant
 18457 | Orc:1    | Entered Level 1 of the Orcish Mines
 18469 | Orc:1    | Found a roughly hewn altar of Beogh.
 19178 | Orc:2    | Entered Level 2 of the Orcish Mines
 19178 | Orc:2    | Noticed Azrael
 19212 | Orc:2    | Noticed Sonja
 19234 | Orc:1    | Killed Sonja
 19402 | Orc:2    | Noticed an orc warlord
 19402 | Orc:2    | Reached ***** piety under the Shining One
 19586 | Orc:1    | Killed an orc warlord
 19978 | Orc:2    | Found a staircase to the Elven Halls.
 20464 | Orc:2    | Found Bov Farghydgh's Jewellery Shoppe.
 20465 | Orc:2    | Found Ocarie Tidu's Armour Boutique.
 20465 | Orc:2    | Found Leps's Magic Scroll Emporium.
 20502 | Orc:2    | Found Fuep's Food Shop.
 20580 | Orc:2    | Killed Azrael
 21132 | Orc:2    | Bought a scroll of teleportation for 42 gold pieces
 21136 | Orc:2    | Bought the amulet of the Hart {+Rage rElec MP+9 Int+3} for
                  | 950 gold pieces
 21379 | Snake:1  | Entered Level 1 of the Snake Pit
 22091 | Snake:1  | Reached skill level 5 in Dodging
 22280 | Snake:1  | Reached skill level 16 in Maces & Flails
 22280 | Snake:1  | Reached XP level 15. HP: 50/98 MP: 18/18
 22752 | Snake:1  | Reached skill level 1 in Evocations
 24087 | Snake:2  | Noticed Vashnia
 26141 | Snake:2  | HP: 2/99 [Vashnia/bolt (21)]
 26637 | Snake:2  | Shot with a bolt by Vashnia

Skill      XL: |  1  2  3  4  5  6  7  8  9 10 11 12 13 14 15 |
---------------+----------------------------------------------+-----
Maces & Flails | 3 4 5 7 8 10 11 13 14 16 | 16.0
Shields        | 4 5 6 7 8 9 10 12 13 14 | 14.3
Invocations    | 1 2 3 4 5 |  5.0
Fighting       | 4 5 6 7 8 9 10 12 13 | 13.6
Armour         | 4 5 6 7 8 9 10 | 10.0
Dodging        | 2 5 |  5.0
Evocations     | 3 |  3.6

Action                   |  1- 3 |  4- 6 |  7- 9 | 10-12 | 13-15 || total
-------------------------+-------+-------+-------+-------+-------++-------
Melee: Flail             |   147 |   202 |   423 |   902 |  1993 ||  3667
Throw: Javelin           |       |       |       |     4 |       ||     4
Invok: Lesser Healing    |       |       |     2 |       |       ||     2
       Divine Shield     |       |       |     1 |     7 |    22 ||    30
 Abil: Fly               |       |       |       |       |     1 ||     1
Evoke: Wand              |       |       |       |     3 |     7 ||    10
  Use: Scroll            |     4 |     1 |    12 |     7 |    13 ||    37
       Potion            |       |       |       |     7 |     2 ||     9
  Eat: Chunk             |     2 |     7 |     9 |    25 |    29 ||    72
       Ration            |       |       |       |       |     5 ||     5
Armor: Scale mail        |    96 |   105 |   132 |       |       ||   333
       Chain mail        |       |       |    31 |    99 |       ||   130
       Plate armour      |       |       |       |   248 |   896 ||  1144
Dodge: Dodged            |    64 |    82 |   104 |   146 |   380 ||   776
Block: Shield            |    96 |   128 |   208 |   507 |  1418 ||  2357
       Large shield      |       |       |       |       |   108 ||   108
